Map: [TLMC15] Hardwire

Players

Dark - Winner!

  • Race: Zerg Zerg

Clem

  • Race: Terran Terran

Event: DreamHack SC2 Masters Last Chance 2022

VOD

Have the link to the VOD?

Description

Time

  • Played on: Jan. 13, 2022, 1:31 p.m.
  • Length: 24:44

All games in this series

Show
View Real Time Build Order
Export as new Build Order

Dark Zerg - Winner!

Build Orders: Hatch First, Lurkers 

Get SALT Encoding   

  12  0:00  Drone  
  13  0:13  Overlord  
  13  0:17  Drone  
  14  0:32  Drone x2  
  16  0:48  Hatchery  
  15  0:51  Drone  
  15  0:56  Drone  
  17  0:59  Drone  
  18  1:10  Extractor  
  17  1:13  Spawning Pool  
  17  1:15  Drone  
  17  1:19  Drone  
  18  1:28  Drone  
  19  1:39  Drone  
  20  1:50  Drone  
  21  2:00  Queen x2  
  26  2:01  Zergling x4  
  27  2:10  Zergling x2  
  27  2:11  Overlord  
  28  2:21  Hatchery  
  27  2:23  Drone  
  28  2:30  Drone  
  28  2:32  Drone  
  28  2:36  Queen  
  32  2:40  Drone  
  33  2:47  Drone  
  33  2:48  Drone  
  33  2:50  Metabolic Boost  
  35  2:54  Overlord  
  35  2:56  Drone  
  36  3:12  Queen  
  38  3:14  Drone x5  
  38  3:19  Drone  
  44  3:23  Overlord  
  44  3:32  Queen  
  44  3:33  Overlord  
  46  3:36  Drone x3  
  49  3:43  Drone  
  49  3:44  Drone  
  49  3:47  Drone x2  
  49  3:48  Queen  
  55  3:53  Overlord  
  55  3:54  Drone x2  
  57  3:56  Drone  
  57  3:58  Extractor  
  57  3:59  Drone  
  57  4:01  Drone  
  57  4:02  Drone  
  60  4:04  Zergling x2  
  60  4:08  Queen  
  63  4:10  Drone  
  63  4:11  Drone  
  63  4:16  Drone x2  
  68  4:17  Drone x2  
  68  4:21  Evolution Chamber  
  68  4:22  Drone x2, Evolution Chamber  
  69  4:29  Zergling x6  
  69  4:31  Drone  
  73  4:34  Drone  
  73  4:35  Spore Crawler  
  73  4:36  Spore Crawler  
  71  4:38  Spore Crawler  
  71  4:40  Spore Crawler  
  71  4:41  Drone  
  71  4:42  Spore Crawler  
  71  4:44  Drone  
  70  4:49  Zerg Melee Weapons Level 1, Zerg Ground Armor Level 1  
  70  4:50  Drone  
  70  4:51  Drone  
  72  4:53  Drone  
  73  5:00  Overlord  
  73  5:05  Overlord  
  73  5:06  Lair  
  73  5:12  Overlord  
  73  5:13  Overlord  
  72  5:14  Drone  
  72  5:18  Drone x2  
  72  5:19  Drone x6  
  81  5:23  Drone x2  
  81  5:26  Drone x3  
  86  5:32  Drone x2  
  88  5:38  Extractor x2  
  88  5:39  Drone x4, Baneling Nest  
  88  5:40  Hatchery  
  88  5:49  Drone, Hatchery  
  89  5:50  Drone x3  
  91  5:58  Hatchery  
  91  6:04  Drone x5  
  90  6:06  Drone x3  
  90  6:10  Zergling x6  
  97  6:15  Zergling x6  
  100  6:21  Zergling x4  
  102  6:29  Zergling x4  
  102  6:30  Zergling x4  
  102  6:31  Centrifugal Hooks  
  105  6:36  Overlord x2  
  105  6:43  Overlord  
  105  6:45  Zerg Ground Armor Level 2, Zerg Melee Weapons Level 2  
  105  6:48  Overlord  
  105  6:50  Overlord  
  105  6:55  Overseer, Hatchery  
  105  7:00  Overseer x2  
  104  7:01  Baneling x4  
  104  7:02  Drone x3, Baneling x4  
  104  7:04  Drone  
  104  7:07  Drone  
  104  7:08  Drone x4  
  112  7:14  Drone  
  114  7:16  Hydralisk Den  
  114  7:17  Drone x3, Extractor  
  114  7:19  Extractor, Drone x3  
  114  7:21  Drone  
  114  7:22  Drone  
  118  7:24  Zergling x12  
  124  7:34  Zergling x12  
  124  7:35  Zergling x14  
  136  7:52  Hydralisk x4  
  136  7:53  Hydralisk x6  
  154  7:59  Hydralisk  
  154  8:02  Baneling x2  
  154  8:03  Baneling x3  
  154  8:04  Overlord  
  154  8:05  Overlord x3  
  156  8:07  Overlord  
  156  8:12  Infestation Pit  
  155  8:14  Baneling x3  
  155  8:15  Drone  
  155  8:16  Drone x3, Spore Crawler  
  157  8:20  Zergling x10  
  157  8:23  Zergling x2  
  157  8:26  Grooved Spines  
  160  8:28  Zergling x4  
  160  8:29  Zergling x6  
  163  8:43  Spore Crawler  
  163  8:45  Drone  
  163  8:46  Drone, Spore Crawler  
  163  8:47  Zergling x34  
  163  8:48  Zergling x14  
  186  8:50  Zergling x2  
  186  8:51  Zergling x6  
  190  9:04  Pneumatized Carapace, Hive  
  190  9:08  Zergling x20  
  200  9:10  Baneling x7  
  200  9:11  Baneling x13  
  199  9:21  Baneling x4  
  179  9:34  Zergling x38  
  179  9:35  Zergling x10  
  179  9:38  Muscular Augments  
  163  9:39  Zergling x20  
  163  9:42  Overlord  
  169  9:45  Overseer  
  169  9:51  Zergling x20  
  169  9:52  Zergling x6  
  173  10:01  Lurker Den  
  173  10:02  Overlord, Evolution Chamber  
  173  10:03  Zerg Missile Weapons Level 1  
  173  10:04  Zergling x16  
  173  10:05  Drone  
  180  10:08  Zergling x8  
  180  10:09  Baneling x2  
  182  10:20  Zergling x16  
  182  10:21  Baneling x5  
  183  10:26  Zerg Melee Weapons Level 3, Hatchery  
  182  10:30  Baneling x2  
  182  10:33  Zerg Ground Armor Level 3  
  182  10:36  Adrenal Glands  
  182  10:39  Baneling x2  
  182  10:43  Zergling x4  
  182  10:44  Zergling x18  
  182  10:46  Baneling x2  
  182  10:47  Baneling  
  192  10:53  Viper  
  192  10:54  Zergling x2  
  192  10:55  Zergling x20  
  191  11:00  Zergling x2  
  191  11:01  Zergling x14  
  184  11:09  Zergling x8  
  182  11:11  Zergling x20  
  182  11:17  Zergling x2  
  182  11:18  Overseer  
  192  11:19  Overseer x3  
  192  11:20  Overlord x3  
  192  11:22  Adaptive Talons  
  192  11:27  Drone x2  
  192  11:28  Extractor  
  192  11:29  Extractor  
  192  11:31  Drone  
  192  11:32  Drone  
  192  11:44  Zergling x6  
  188  11:53  Zergling x14  
  188  11:54  Baneling x6  
  184  11:56  Lurker x5  
  184  11:58  Zergling x12  
  184  12:00  Zergling x10  
  189  12:14  Hatchery  
  188  12:20  Hydralisk x2, Baneling x7  
  188  12:21  Hydralisk  
  194  12:29  Zergling x48  
  200  12:32  Baneling x2  
  196  12:38  Drone x3  
  196  12:43  Hydralisk x2  
  199  12:49  Hydralisk x3  
  196  12:59  Drone x3  
  196  13:05  Overlord  
  192  13:10  Zerg Missile Weapons Level 2  
  191  13:13  Drone x2, Spore Crawler  
  191  13:14  Drone x2  
  191  13:16  Spine Crawler  
  191  13:17  Spore Crawler  
  191  13:19  Drone  
  194  13:20  Lurker  
  194  13:21  Lurker x6  
  194  13:22  Baneling x3  
  200  13:29  Baneling x8  
  200  13:32  Extractor  
  200  13:33  Extractor, Zergling x4  
  199  13:45  Nydus Network  
  198  13:52  Hatchery  
  196  14:03  Baneling x3  
  196  14:04  Overseer  
  196  14:07  Overseer  
  196  14:10  Seismic Spines  
  196  14:23  Baneling x4  
  195  14:36  Zergling x6  
  195  14:37  Zergling x10  
  200  14:46  Nydus Canal  
  200  14:51  Zergling x4  
  200  14:52  Zergling x2  
  189  15:04  Hydralisk x8  
  198  15:09  Extractor  
  198  15:10  Extractor  
  198  15:12  Spore Crawler  
  195  15:14  Lurker x2  
  195  15:15  Lurker x2  
  195  15:20  Baneling x12, Overseer x2, Hatchery  
  198  15:36  Lurker  
  198  15:37  Spore Crawler, Lurker  
  193  15:53  Overseer x3  
  184  16:01  Hydralisk x4, Baneling x7  
  191  16:07  Overlord x2  
  176  16:22  Hydralisk  
  176  16:23  Hydralisk x12  
  195  16:30  Lurker x5  
  195  16:31  Lurker  
  199  16:36  Overseer x3  
  195  16:42  Lurker x4  
  199  16:50  Drone, Overseer x2  
  200  17:07  Zergling x6  
  200  17:17  Spore Crawler  
  200  17:18  Spore Crawler  
  194  17:30  Lurker x11  
  199  17:39  Spine Crawler  
  195  17:54  Zergling x26  
  198  18:02  Overseer x2  
  198  18:03  Zergling x8  
  198  18:04  Zerg Missile Weapons Level 3  
  193  18:18  Zergling x2  
  193  18:19  Zergling x2  
  187  18:22  Zergling x32  
  187  18:24  Zergling x8  
  200  18:28  Baneling x25  
  200  18:31  Zergling x18  
  197  18:34  Zergling x2  
  197  18:35  Overseer x2  
  197  18:41  Zergling x6  
  192  18:46  Zergling x32  
  192  18:48  Zergling x8  
  189  18:54  Baneling x13  
  189  18:55  Zergling x24, Baneling x8  
  195  18:58  Zergling x6  
  194  19:07  Baneling x2  
  194  19:08  Baneling  
  181  19:11  Zergling x22  
  181  19:12  Zergling x18  
  155  19:31  Hydralisk x10  
  155  19:32  Hydralisk x6  
  155  19:33  Hydralisk  
  155  19:34  Zergling x38  
  155  19:37  Overlord  
  155  19:38  Zergling x6  
  198  19:39  Zergling x2  
  198  19:40  Overseer x4  
  198  19:43  Baneling x8  
  199  19:47  Baneling  
  199  19:48  Baneling x3  
  194  19:54  Zergling x10  
  194  19:58  Baneling  
  194  19:59  Baneling x2  
  199  20:03  Baneling x16  
  189  20:18  Overlord  
  189  20:20  Lurker x4  
  189  20:21  Lurker x7  
  186  20:36  Zergling x24  
  186  20:37  Zergling x4  
  186  20:39  Baneling  
  186  20:40  Baneling x22  
  195  20:47  Zergling x18  
  195  20:48  Nydus Canal  
  177  20:57  Zergling x20  
  177  20:58  Zergling x2  
  177  21:03  Zergling x12  
  166  21:11  Hydralisk x3  
  166  21:12  Overlord x2, Hydralisk x7  
  166  21:13  Overlord  
  185  21:23  Zergling x6, Nydus Canal  
  182  21:26  Zergling x6  
  182  21:27  Zergling x10  
  182  21:31  Zergling x2  
  182  21:32  Zergling x12  
  189  21:36  Zergling x10  
  189  21:37  Zergling x16  
  189  21:38  Baneling x8  
  189  21:39  Baneling x14  
  194  21:43  Lurker  
  194  21:44  Baneling x29  
  189  21:48  Zergling x22  
  200  22:01  Overseer x2  
  200  22:06  Baneling x2  
  200  22:07  Baneling x2  
  198  22:14  Nydus Canal  
  178  22:21  Zergling x2  
  178  22:22  Zergling x12  
  174  22:23  Zergling x20  
  180  22:30  Nydus Canal, Zergling x16  
  180  22:31  Zergling x10  
  180  22:32  Hydralisk x3  
  180  22:37  Hydralisk x2  
  190  22:41  Hydralisk x3  
  190  22:43  Hydralisk  
  185  23:11  Baneling  
  185  23:12  Hydralisk x3, Baneling x11  
  187  23:24  Lurker x5  
  187  23:25  Zergling x24  
  187  23:26  Zergling x6  
  198  23:29  Zergling x2  
  198  23:31  Overlord  
  174  23:44  Zergling x22  
  174  23:47  Zergling x6  
  183  23:53  Hatchery  
  175  23:59  Zergling x34  
  175  24:01  Zergling x2  
  175  24:02  Zergling x12  
  193  24:05  Hydralisk  
  193  24:06  Hydralisk x2  
  192  24:16  Baneling  
  192  24:17  Baneling x12  
  192  24:18  Lurker x7  
  192  24:22  Baneling x3  
  192  24:23  Overseer x4  
  199  24:28  Baneling x7  
  199  24:29  Baneling x9  
Show
View Real Time Build Order
Export as new Build Order

Clem Terran 

Build Orders: Reaper Expand, Hellion Banshee 

Get SALT Encoding   

  12  0:00  SCV  
  13  0:12  SCV  
  14  0:17  Supply Depot  
  14  0:24  SCV  
  15  0:38  SCV  
  15  0:39  Barracks  
  16  0:43  Refinery  
  16  0:50  SCV  
  17  1:02  SCV  
  18  1:14  SCV  
  19  1:26  Reaper  
  19  1:27  Orbital Command  
  20  1:39  Command Center  
  20  1:46  Supply Depot  
  20  1:52  SCV  
  21  1:58  Marine  
  22  2:04  SCV  
  23  2:11  Factory  
  23  2:16  SCV  
  23  2:20  Barracks Reactor  
  24  2:28  SCV  
  25  2:38  Command Center  
  25  2:41  SCV  
  26  2:51  Orbital Command  
  26  2:53  SCV  
  27  3:00  Starport  
  27  3:02  Refinery  
  27  3:07  SCV  
  27  3:10  Hellion  
  30  3:14  Hellion  
  30  3:16  SCV  
  30  3:19  SCV  
  34  3:21  Barracks Tech Lab  
  34  3:29  SCV  
  34  3:31  Hellion, SCV  
  38  3:35  Hellion  
  38  3:41  SCV  
  41  3:43  SCV  
  41  3:44  Banshee  
  45  3:50  Orbital Command  
  45  3:53  Cloaking Field, SCV  
  46  3:55  SCV  
  46  4:00  Hellion  
  46  4:01  Hellion  
  51  4:05  Supply Depot  
  51  4:07  SCV  
  51  4:08  SCV  
  53  4:11  Barracks Tech Lab  
  53  4:16  SCV  
  54  4:19  SCV  
  54  4:20  SCV  
  54  4:22  Hellion x2  
  60  4:27  Banshee  
  60  4:28  SCV  
  64  4:33  SCV  
  64  4:34  Supply Depot  
  64  4:35  Marine  
  64  4:36  Stimpack  
  67  4:38  SCV  
  67  4:40  SCV  
  68  4:47  Barracks  
  68  4:48  Orbital Command  
  68  4:49  Barracks  
  68  4:50  SCV  
  68  4:51  Refinery, Factory Reactor  
  68  4:52  Refinery  
  69  4:55  Marine, SCV  
  69  4:58  Supply Depot  
  71  5:02  SCV  
  71  5:06  Engineering Bay  
  72  5:07  Engineering Bay, SCV  
  72  5:13  Marine  
  74  5:15  SCV  
  74  5:16  SCV  
  74  5:20  Supply Depot, SCV  
  77  5:21  Supply Depot  
  77  5:23  Starport Reactor  
  77  5:27  SCV  
  77  5:28  Barracks x2  
  78  5:29  SCV  
  78  5:31  Marine  
  78  5:32  SCV  
  81  5:36  Supply Depot  
  81  5:37  Marine  
  81  5:38  Marine  
  81  5:39  SCV  
  81  5:40  Supply Depot  
  84  5:43  SCV  
  84  5:44  SCV  
  84  5:48  Siege Tank  
  89  5:51  Marine x2, SCV  
  89  5:53  Marine  
  89  5:55  Marine, SCV  
  89  5:56  SCV  
  96  5:59  Marine  
  96  6:01  Terran Infantry Armor Level 1, Terran Infantry Weapons Level 1  
  96  6:03  SCV  
  98  6:04  Medivac x2  
  98  6:08  Supply Depot  
  98  6:09  Marine, SCV x2  
  105  6:14  Supply Depot, Marine  
  105  6:15  SCV  
  105  6:16  Barracks Reactor x2  
  107  6:20  Armory  
  107  6:21  SCV  
  107  6:22  SCV  
  107  6:24  Marine  
  107  6:25  Marine x2  
  112  6:29  Refinery  
  112  6:31  Supply Depot, Siege Tank  
  112  6:32  Marine  
  113  6:38  Command Center  
  113  6:42  Factory, Marine  
  113  6:43  Marine  
  113  6:46  SCV x3  
  118  6:47  Marine  
  118  6:51  Supply Depot  
  118  6:52  Marine  
  118  6:53  Supply Depot  
  120  6:55  Marine x4  
  120  6:57  Marine  
  120  7:01  Combat Shield  
  125  7:03  Siege Tank  
  125  7:06  Marine x2  
  125  7:07  Refinery  
  130  7:09  Marine  
  130  7:10  Marine, Drilling Claws  
  130  7:15  Medivac  
  134  7:16  Supply Depot  
  134  7:19  Supply Depot  
  134  7:20  Marine  
  134  7:22  Medivac, Marine x3  
  140  7:23  Marine  
  140  7:26  Marine  
  140  7:27  Supply Depot, Marine  
  140  7:28  Marine  
  144  7:30  Supply Depot, Factory Reactor  
  144  7:33  SCV x2  
  144  7:34  SCV  
  147  7:38  Supply Depot  
  147  7:39  Marine x2, Siege Tank  
  152  7:45  Marine x3  
  152  7:46  Marine x2  
  152  7:48  SCV  
  156  7:52  Marine x2  
  156  7:57  Marine  
  158  7:58  Barracks  
  158  7:59  Barracks x2, Terran Infantry Weapons Level 2  
  158  8:02  Terran Infantry Armor Level 2  
  158  8:10  Marine x4  
  158  8:11  Marine x2, Siege Tank  
  169  8:13  Widow Mine  
  169  8:15  Widow Mine  
  169  8:18  Planetary Fortress  
  171  8:20  SCV x2  
  171  8:21  SCV  
  171  8:23  Marine x2  
  171  8:25  Marine  
  176  8:29  Marine  
  176  8:31  Medivac x2  
  179  8:41  Command Center  
  179  8:44  Marine x3  
  179  8:47  Marine x3  
  184  8:49  Widow Mine x3  
  184  8:53  Barracks Tech Lab x3  
  184  8:54  Marine x2  
  184  8:55  Marauder  
  194  8:59  SCV x3  
  194  9:02  Terran Vehicle And Ship Armor Level 1  
  196  9:05  Marine  
  196  9:06  Marine  
  198  9:10  Widow Mine  
  198  9:16  Sensor Tower  
  200  9:19  Concussive Shells  
  200  9:20  Ghost Academy  
  200  9:29  Marauder, Widow Mine  
  186  9:33  Marauder  
  186  9:34  Medivac, Widow Mine  
  186  9:38  Medivac, Marauder  
  152  9:39  Marine x2, Marauder, Widow Mine  
  152  9:41  Marine x3  
  152  9:42  Marine  
  159  9:47  SCV x2  
  159  9:49  Refinery  
  159  9:51  Marauder  
  157  9:53  Widow Mine  
  157  9:54  Marine  
  157  9:55  Marine, Marauder  
  157  9:57  Marine  
  157  9:59  Marauder  
  165  10:01  Marauder  
  165  10:02  SCV x2  
  165  10:03  Refinery  
  165  10:04  Medivac  
  165  10:06  Marine x2, Widow Mine x2  
  177  10:08  Marine  
  177  10:12  Medivac, Marine, Marauder  
  183  10:14  Widow Mine  
  183  10:15  Marine x4  
  183  10:16  Marauder  
  183  10:21  Marauder, Planetary Fortress  
  185  10:22  Marauder, SCV  
  185  10:23  SCV  
  185  10:25  SCV  
  190  10:30  SCV  
  190  10:33  Marine  
  190  10:34  Marauder  
  194  10:37  Terran Infantry Weapons Level 3, Marauder  
  194  10:38  Sensor Tower  
  194  10:42  Marauder  
  198  10:43  Missile Turret  
  198  10:44  Marauder  
  198  10:45  Missile Turret  
  196  10:52  Widow Mine x2  
  196  10:53  Medivac  
  198  10:58  Ghost  
  198  10:59  Marauder  
  194  11:10  Ghost x2  
  192  11:11  Marine  
  187  11:18  Marine  
  187  11:20  Marauder  
  187  11:22  Command Center  
  187  11:23  Refinery  
  187  11:24  Marine x3  
  187  11:25  Command Center, Refinery  
  193  11:27  Marauder  
  193  11:32  Missile Turret  
  195  11:38  Missile Turret  
  195  11:39  Ghost x2  
  197  11:40  Missile Turret, Widow Mine  
  197  11:41  Marine  
  197  11:42  Marine x2  
  198  11:49  Widow Mine  
  198  11:51  Medivac  
  198  11:53  Marine  
  200  11:59  Terran Infantry Armor Level 3, Terran Vehicle And Ship Armor Level 2  
  198  12:11  Ghost  
  198  12:13  Widow Mine  
  193  12:15  Marine x2  
  193  12:19  Ghost  
  193  12:20  Command Center  
  193  12:21  Missile Turret  
  193  12:22  Missile Turret, Ghost  
  197  12:29  Ghost  
  190  12:32  Widow Mine  
  188  12:38  Marine, Widow Mine  
  188  12:39  Medivac  
  188  12:40  Ghost, Marine, Widow Mine  
  194  12:47  Ghost, Marine x2  
  194  12:51  Ghost, Medivac  
  195  12:53  Marine  
  195  12:57  Orbital Command  
  200  13:03  Widow Mine  
  200  13:05  Widow Mine  
  194  13:08  Ghost  
  178  13:13  Command Center  
  178  13:14  Ghost, Widow Mine  
  178  13:15  Missile Turret, Marine  
  178  13:16  Ghost, Marine x6  
  178  13:17  Marine  
  178  13:18  Missile Turret  
  178  13:19  Ghost  
  192  13:20  Medivac  
  192  13:24  Widow Mine  
  198  13:33  Marine  
  199  13:36  Missile Turret x2, Planetary Fortress  
  199  13:49  Command Center  
  199  13:50  Command Center  
  199  13:54  Personal Cloaking  
  198  14:03  Command Center, Widow Mine  
  198  14:06  Command Center  
  198  14:14  Ghost  
  199  14:34  Command Center  
  199  14:37  Hi-Sec Auto Tracking, Neosteel Armor  
  197  14:40  Orbital Command  
  195  14:48  Widow Mine x2  
  195  14:49  Missile Turret  
  197  14:54  Missile Turret x2, Sensor Tower  
  197  14:58  Ghost  
  197  14:59  Ghost  
  199  15:02  Planetary Fortress  
  199  15:04  Sensor Tower  
  199  15:05  Widow Mine  
  197  15:08  Marine, Orbital Command x2  
  197  15:09  Viking  
  197  15:11  Terran Vehicle And Ship Armor Level 3  
  199  15:21  Missile Turret  
  199  15:23  Missile Turret  
  199  15:25  Planetary Fortress  
  199  15:26  Planetary Fortress  
  199  15:38  Refinery  
  199  15:40  Refinery  
  199  15:41  Ghost  
  200  15:52  Ghost  
  200  15:56  Ghost x2  
  194  15:59  Widow Mine  
  194  16:03  Orbital Command  
  196  16:07  Widow Mine  
  196  16:08  Widow Mine  
  200  16:16  Medivac  
  200  16:18  Ghost  
  197  16:20  Ghost  
  197  16:24  Ghost x2  
  198  16:27  Medivac  
  200  16:37  Widow Mine  
  200  16:38  Missile Turret  
  200  16:41  Command Center  
  200  16:45  Refinery x2  
  193  17:02  Ghost x2  
  193  17:07  Enhanced Shockwaves  
  195  17:17  Ghost x2  
  195  17:20  Widow Mine x2  
  200  17:28  Sensor Tower  
  196  17:30  Missile Turret  
  196  17:33  Ghost x2  
  197  17:56  Widow Mine  
  197  17:58  Marine  
  200  18:04  Marine  
  200  18:05  Command Center  
  200  18:10  Ghost  
  195  18:21  Ghost, Widow Mine  
  195  18:24  Medivac  
  195  18:25  Ghost  
  197  18:32  Widow Mine x2  
  199  18:45  Ghost  
  198  18:48  Viking  
  198  18:53  SCV  
  199  19:05  Command Center  
  199  19:06  Command Center  
  200  19:12  Planetary Fortress  
  200  19:13  Missile Turret  
  200  19:16  Missile Turret, Ghost  
  200  19:17  Missile Turret  
  200  19:20  Viking, Liberator  
  200  19:23  Orbital Command  
  192  19:24  Marine x3  
  192  19:26  Widow Mine  
  192  19:27  Marine x2  
  192  19:28  Marine x3  
  192  19:29  Marine x3  
  175  19:31  Orbital Command  
  175  19:35  Sensor Tower  
  175  19:37  Barracks  
  147  19:42  Marine x3, Orbital Command  
  147  19:45  Marine x2, Marauder  
  150  19:47  Marauder  
  150  19:48  Widow Mine  
  150  19:49  Factory  
  150  19:50  Medivac  
  150  19:51  Barracks, Command Center  
  150  19:52  Barracks, Ghost x2, Marine  
  158  19:53  Marine x2  
  158  19:54  Factory  
  163  20:00  Marine x3  
  163  20:03  Medivac  
  163  20:05  Sensor Tower  
  170  20:07  Marauder  
  170  20:09  Marine x2, Marauder, Widow Mine  
  170  20:10  Marine  
  170  20:12  SCV  
  170  20:14  SCV  
  181  20:21  Marauder x2  
  181  20:22  Marine  
  181  20:23  Marine, Orbital Command  
  181  20:27  Ghost  
  187  20:30  Ghost, Widow Mine  
  187  20:34  Marine  
  187  20:35  Marine  
  179  20:37  Liberator  
  179  20:38  Liberator  
  186  20:43  Marauder x2  
  186  20:44  Widow Mine  
  182  20:52  Widow Mine  
  168  20:57  Marauder  
  168  20:59  Marauder  
  160  21:04  Barracks Tech Lab x2, Marauder x2  
  160  21:07  Factory Reactor  
  160  21:08  Barracks Tech Lab x2  
  160  21:09  Marine  
  160  21:15  Marine x2  
  160  21:16  Marine x2  
  161  21:18  Marauder  
  161  21:21  Marauder  
  161  21:25  Ghost, Marauder  
  156  21:26  Ghost  
  156  21:27  Marine  
  156  21:29  Ghost x2, Marine  
  156  21:31  Widow Mine  
  153  21:37  Barracks Tech Lab x3  
  153  21:39  Ghost, Marine  
  147  21:41  Ghost  
  147  21:42  Widow Mine  
  147  21:46  Ghost  
  151  21:51  Barracks Tech Lab  
  151  21:52  SCV  
  151  21:53  Ghost, SCV x3  
  157  21:54  Barracks Tech Lab  
  157  21:57  Orbital Command  
  159  22:02  Marine, Widow Mine x2  
  159  22:03  SCV  
  159  22:07  Ghost, SCV  
  168  22:14  Marine  
  166  22:19  Marine x3  
  166  22:22  Factory Reactor  
  133  22:47  Barracks  
  133  22:48  Barracks x2  
  133  22:49  Barracks  
  133  22:53  Starport  
  133  22:57  Ghost Academy  
  133  23:02  Widow Mine  
  133  23:05  Ghost  
  133  23:06  Ghost  
  135  23:19  Barracks Tech Lab  
  135  23:24  Command Center  
  135  23:26  Command Center, Barracks Tech Lab  
  132  23:30  Widow Mine  
  134  23:34  Ghost  
  134  23:35  Ghost  
  124  23:42  Supply Depot  
  124  23:43  Supply Depot  
  124  23:44  Supply Depot x2  
  124  23:45  Supply Depot, Barracks Tech Lab  
  124  23:46  Supply Depot, Barracks Tech Lab  
  124  23:47  Starport Reactor  
  120  23:50  Orbital Command  
  117  23:57  Barracks Tech Lab  
  103  24:04  Marine  
  103  24:05  Ghost, Marine, SCV x3  
  112  24:15  Ghost x2  
  112  24:16  Marine  
  106  24:22  Marine  
  106  24:23  Marine  
  108  24:26  Barracks Tech Lab  
  108  24:27  Barracks Tech Lab x2  

Tags
 
Add a new tag
Caveats
  • Supply blocks, unpowered buildings, or Contaminate may cause inaccurate times.
  • Supply counts are checked every 10 seconds.